AoeStats
← Milo Thatch

Arabia

509830219Analyzed
1v1 RM · 4d ago on Sep 28, 2026· 56m 48s· 2 players
Game mode
Random Map
Map size
Tiny (2 player)
Population
200
Speed
Normal
Resources
Standard
Victory
Conquest
Starting age
Dark Age
Ending age
Imperial Age
RankedLock teamsTeams togetherTeam positionsShared explorationLock speedFull tech treeHidden civsTurbo modeCheats
Victory
Defeat
🇺🇸 Franks · United States
712
+34
🇮🇹 Japanese · Italy
706
-16
Swen
0:28 Loom
12:39 Feudal Age
13:42 Horse Collar
13:32 Man-at-Arms
14:01 Arson
20:21 Gold Mining
20:20 Double-Bit Axe
22:39 Scale Mail Armor
22:49 Forging
24:19 Fletching
24:30 Padded Archer Armor
27:28 Castle Age
28:35 Gambesons
28:53 Squires
28:15 Long Swordsman
29:38 Elite Skirmisher
31:21 Bodkin Arrow
31:42 Leather Archer Armor
33:05 Ballistics
33:43 Chain Mail Armor
34:37 Pikeman
36:44 Iron Casting
36:47 Stone Mining
38:53 Bow Saw
41:06 Heavy Plow
41:10 Treadmill Crane
44:08 Imperial Age
46:35 Chemistry
46:03 Conscription
47:25 Wheelbarrow
46:43 Town Watch
46:40 Two-Handed Swordsman
47:53 Bracer
49:23 Two-Handed Swordsman
50:55 Elite Samurai
51:59 Kataparuto
53:07 Gold Shaft Mining
52:15 Halberdier
52:27 Champion
Milo Thatch
6:06 Loom
12:12 Feudal Age
13:31 Double-Bit Axe
21:48 Castle Age
22:11 Fletching
22:21 Padded Archer Armor
23:01 Gold Mining
23:03 Stone Mining
23:24 Bow Saw
22:53 Crossbowman
24:12 Bodkin Arrow
25:42 Leather Archer Armor
28:06 Ballistics
37:33 Imperial Age
35:21 Man-at-Arms
36:06 Scale Mail Armor
37:29 Chain Mail Armor
37:24 Forging
37:50 Scale Barding Armor
40:11 Iron Casting
39:11 Elite Throwing Axeman
40:58 Long Swordsman
42:11 Capped Ram
43:59 Chemistry
44:46 Wheelbarrow
44:17 Two-Handed Swordsman
44:43 Gambesons
46:58 Champion
48:14 Plate Mail Armor
49:42 Cavalier
51:20 Paladin
52:03 Husbandry
53:38 Blast Furnace
Connection lost

Rejoining the realm…

Still unreachable

The connection could not be restored.

Session expired

The server has moved on; the page needs a fresh start.